 Dungeon Crawl Stone Soup version 0.30-a0-322-g102857c98e (webtiles) character file.

Game seed: 9266413247303793351

9 ryw the Trooper (level 2, 23/24 HPs)
             Began as a Demonspawn Monk on Oct 27, 2022.
             Quit the game on level 1 of the Dungeon.
             The game lasted 00:00:24 (161 turns).

ryw the Trooper (Demonspawn Monk)                    Turns: 161, Time: 00:00:25

Health: 23/24      AC:  2    Str: 11    XL:     2   Next: 3%
Magic:  2/2        EV: 12    Int: 11    God:
Gold:   11         SH:  0    Dex: 15    Spells: 1/1 levels left

rFire   . . .      SeeInvis .      - Unarmed
rCold   . . .      Faith    .    (no shield)
rNeg    . . .      Spirit   .    a - +0 robe
rPois   .          Reflect  .    (no helmet)
rElec   .          Harm     .    (no cloak)
rCorr   .          Rampage  .    (no gloves)
Will    .....                    (no boots)
Stlth   ++........               (no amulet)
HPRegen 0.24/turn                (no ring)
MPRegen 0.08/turn                (no ring)

@: no status effects
A: hooves 1
a: no special abilities


You were on level 1 of the Dungeon.
You visited 1 branch of the dungeon, and saw 1 of its levels.

You collected 11 gold pieces.

Inventory:

Armour
 a - a +0 robe (worn)
 d - a +0 kite shield
Scrolls
 e - a scroll of poison {unknown}
Potions
 b - a potion of ambrosia
 c - a potion of invisibility {unknown}


   Skills:
 + Level 3.4 Fighting
 - Level 2.6 Dodging
 - Level 1.7 Stealth
 * Level 0.7 Shields
 - Level 2.6 Unarmed Combat


You had one spell level left.
You didn't know any spells.
Your spell library was empty.

Dungeon Overview and Level Annotations

Branches:
Dungeon (1/15)

Altars:


Innate Abilities, Weirdness & Mutations

You have large cloven feet.


Message History

The bat hits you but does no damage. The bat closely misses you.
You hit the bat but do no damage. The bat barely misses you.
You hit the bat.
You kill the bat!
The rat barely misses you.
You barely miss the rat. The rat barely misses you.
You barely miss the frilled lizard. The frilled lizard bites you.
The rat barely misses you.
You closely miss the frilled lizard. The frilled lizard closely misses you.
The rat barely misses you.
You hit the frilled lizard but do no damage.
The frilled lizard closely misses you. The rat bites you but does no damage.
You closely miss the frilled lizard. The frilled lizard barely misses you.
The rat bites you but does no damage.
You barely miss the frilled lizard. The frilled lizard barely misses you.
The rat bites you.
You closely miss the frilled lizard. The rat bites you.
The frilled lizard bites you.
You hit the frilled lizard.
You kill the frilled lizard!
The rat barely misses you.
You hit the rat.
You kill the rat!
No target in view!
No target in view!
You see here a bat corpse.
You now have 11 gold pieces.
A bat comes into view.
You see here an inky potion.
A quokka comes into view.
The helpless bat fails to defend itself.
You hit the bat.
You kill the bat!
You barely miss the quokka. The quokka bites you.
You hit the quokka.
You kill the quokka!
You have reached level 2!
Your demonic ancestry asserts itself...
Your feet thicken and deform.
Are you sure you want to abandon this character and quit the game? (Confirm with "yes".)

...
#...........#
. .
#...........#
.
#...........#
.
#!..........#
.
#...........#
#.#..........
#.#########.##
#........
#@.......
#†.......
#........
.........
.#####.## ..
.# .. # ...


There were no monsters in sight!

Vanquished Creatures
  2 bats (D:1)
  A giant cockroach (D:1)
  2 quokkas (D:1)
  2 frilled lizards (D:1)
  2 rats (D:1)
9 creatures vanquished.

Notes
Turn   | Place    | Note
-------+----------+-------------------------------------------
     0 | D:1      | ryw the Demonspawn Monk began the quest for the Orb.
     0 | D:1      | Reached XP level 1. HP: 18/18 MP: 1/1
   161 | D:1      | Gained mutation: You have large cloven feet. [demonic
                  | ancestry]
   161 | D:1      | Reached XP level 2. HP: 23/24 MP: 2/2
   161 | D:1      | Quit the game

Illustrated notes

Levels and vault maps discovered:
D:1:      minmay_arrival_solitary_statue, layout_basic, minmay_vboxes

Action                   || total
-------------------------++-------
Melee: Unarmed           ||    28
       Punch             ||     1
 Stab: Sleeping          ||     2
Armor: Robe              ||     8
Dodge: Dodged            ||    16

Table legend: (Time is in decaauts)
 A = Elapsed time spent in this place.
 B = Non-inter-level travel time spent in this place.
 C = Inter-level travel time spent in this place.
 D = Time resting spent in this place.
 E = Time spent auto-exploring this place.
 F = Levels seen in this place.
 G = Mean time per level.
                   A        B        C        D        E       F      G
               +--------+--------+--------+--------+--------+-----+--------+
         Total |    159 |    159 |      0 |      0 |     96 |   1 |  159.0 |
       Dungeon |    159 |    159 |      0 |      0 |     96 |   1 |  159.0 |
               +--------+--------+--------+--------+--------+-----+--------+

Top non-repeatable levels by time:
     D:1: 159 daAuts
